WCHLSIM.com - West Coast Hockey League
html PUBLIC "-//W3C//DTD XHTML 1.0 Transitional//EN" "http://www.w3.org/TR/xhtml1/DTD/xhtml1-transitional.dtd"> WCHL - Game 844 - CALGARY FIREMEN vs VANCOUVER VOODOO

CALGARY FIREMEN vs VANCOUVER VOODOO

Created - 18 février 2024 at 17:29

Goals
1 2 3 T
CALGARY FIREMEN 1 0 1 2
VANCOUVER VOODOO 2 2 0 4
Shots
1 2 3 T
CALGARY FIREMEN 11 10 7 28
VANCOUVER VOODOO 12 7 14 33

1st period

1. VANCOUVER VOODOO , Kirby Dach 13 (Rafael Harvey-Pinard 20, Nicolas Hague 6) at 0:20
2. CALGARY FIREMEN , Mattias Janmark-Nylen 11 (Filip Forsberg 12, Jakob Silfverberg 20) at 5:39
3. VANCOUVER VOODOO , Conor Garland 17 (Christian Dvorak 16, Joel Armia 5) at 15:05

Penalties :
Carson Soucy (VAN) for Roughing (Minor) at 1:10, Conor Garland (VAN) for Hooking (Minor) at 11:05, Kirby Dach (VAN) for Holding (Minor) at 17:07

2nd period

4. VANCOUVER VOODOO , Kirby Dach 14 (Rafael Harvey-Pinard 21, Nicolas Roy 26) at 4:22
5. VANCOUVER VOODOO , Nicolas Roy 18 (Callan Foote 6) at 9:23

Penalties :
Alexander Edler (VAN) for Roughing (Double Minor) at 4:31, Jordan Harris (VAN) for Hooking (Minor) at 11:37, Andrej Sustr (CGY) for Hooking (Minor) at 14:28

3rd period

6. CALGARY FIREMEN , Mattias Janmark-Nylen 12 (Filip Forsberg 13, Jakob Silfverberg 21) at 19:02

Penalties :
Jake McCabe (CGY) for Tripping (Minor) at 0:57

Goalie Stats

Kevin Poulin (CGY), 16 saves from 16 shots - (1,000), 30:37 minutes
Samuel Ersson (CGY), 13 saves from 17 shots - (0,765), L, 2-16-2, 29:23 minutes
Filip Gustavsson (VAN), 26 saves from 28 shots - (0,929), W, 11-13-1, 60:00 minutes

Players Stats for CALGARY FIREMEN

Player Name              G  A  P  +/- PIM S  H  SB GA TA FO     MP     PP MP  PK MP  
------------------------------------------------------------------------------------
Andrej Sustr             0  0  0   1  2   0  2  2  0  0  0/0    12:54   0:53   0:00 
Brett Howden             0  0  0   0  0   0  0  0  0  0  3/5     6:33   0:00   0:00 
Colton White             0  0  0   1  0   0  0  2  0  0  0/0    13:55   0:53   1:00 
Connor Brown             0  0  0   0  0   0  0  0  0  0  1/1     7:26   0:53   0:00 
Filip Forsberg           0  2  2   0  0   7  2  0  0  0  13/37  22:55   6:24   2:26 
Jake McCabe              0  0  0  -1  2   0  1  1  0  0  0/0    23:52   5:24   0:58 
Jakob Silfverberg        0  2  2   0  0   5  1  0  0  0  2/3    22:01   6:24   1:32 
Jamie Oleksiak           0  0  0  -1  0   1  3  0  0  0  0/0    24:56   5:24   2:01 
Jordan Oesterle          0  0  0  -2  0   0  0  2  0  0  0/0    22:09   5:38   1:57 
Liam Foudy               0  0  0   0  0   0  0  0  0  0  0/0    12:27   0:53   0:00 
Mason Marchment          0  0  0  -2  0   0  2  1  0  0  0/1    18:05   4:38   1:32 
Mattias Janmark-Nylen    2  0  2   0  0   3  1  0  0  0  1/3    20:29   6:24   0:00 
Michael McCarron         0  0  0   0  0   1  1  0  0  0  0/0     6:33   0:00   0:00 
Nikita Zadorov           0  0  0  -2  0   2  3  1  0  0  0/0    22:12   5:38   2:00 
Oskar Lindblom           0  0  0  -2  0   1  0  0  0  0  0/0    16:33   4:38   0:00 
Ryan Johansen            0  0  0  -2  0   6  1  0  0  0  14/21  18:59   4:38   2:26 
Sonny Milano             0  0  0   0  0   1  2  0  0  0  0/0    11:34   0:00   0:00 
Yakov Trenin             0  0  0   0  0   1  1  0  0  0  2/8    12:27   0:53   0:00 

Players Stats for VANCOUVER VOODOO

Player Name              G  A  P  +/- PIM S  H  SB GA TA FO     MP     PP MP  PK MP  
------------------------------------------------------------------------------------
Alexander Edler          0  0  0   1  4   0  2  2  0  0  0/0    17:02   0:00   1:45 
Braden Schneider         0  0  0   1  0   0  0  0  0  0  0/0    20:04   2:09   5:27 
Callan Foote             0  1  1   1  0   0  3  0  0  0  0/0    15:33   0:00   1:45 
Carson Soucy             0  0  0   0  2   0  6  2  0  0  0/0    21:24   2:09   4:25 
Christian Dvorak         0  1  1   1  0   3  0  1  0  0  14/22  18:09   0:00   6:07 
Cody Glass               0  0  0  -1  0   0  0  0  0  0  0/0     5:30   0:00   0:00 
Conor Garland            1  0  1   1  2   2  0  0  0  0  2/3    13:47   1:46   0:00 
Joel Armia               0  1  1   1  0   2  1  0  0  0  0/0    12:02   0:00   0:00 
Jonathan Drouin          0  0  0  -1  0   4  0  0  0  0  1/1    16:20   1:46   0:33 
Jordan Harris            0  0  0   0  2   1  0  0  0  0  0/0    23:05   1:49   4:56 
Josh Anderson            0  0  0  -1  0   4  3  0  0  0  0/1    15:59   2:12   0:33 
Josh Bailey              0  0  0  -1  0   0  0  0  0  0  0/1     5:39   0:00   0:09 
Joshua Norris            0  0  0  -1  0   4  1  0  0  0  9/17   15:00   1:46   0:00 
Kirby Dach               2  0  2   3  2   2  1  0  0  0  10/23  15:32   2:12   0:00 
Nicolas Hague            0  1  1   1  0   0  1  1  0  0  0/0    21:53   1:49   5:23 
Nicolas Roy              1  1  2   3  0   5  2  0  0  0  0/1    18:36   0:00   5:15 
Radek Faksa              0  0  0  -1  0   0  0  0  0  0  7/8    10:45   0:00   5:15 
Rafael Harvey-Pinard     0  2  2   3  0   6  0  0  0  0  0/2    21:40   2:12   6:07 

3 Stars

1 - Nicolas Roy (VAN)
2 - Kirby Dach (VAN)
3 - Rafael Harvey-Pinard (VAN)

Power Play

CALGARY FIREMEN - 0 on 6 Attempt(s) - 0,00%
VANCOUVER VOODOO - 0 on 2 Attempt(s) - 0,00%

Penalty Kill

CALGARY FIREMEN - 2 on 2 Attempt(s) - 100,00% - Score 0 goal in Penalty Kill
VANCOUVER VOODOO - 6 on 6 Attempt(s) - 100,00% - Score 0 goal in Penalty Kill

Team Stat

CALGARY FIREMEN - Hits : 20 - Faceoff Wins : 36 - Blocked Shots : 9 - Penalty Minutes : 4
VANCOUVER VOODOO - Hits : 20 - Faceoff Wins : 43 - Blocked Shots : 6 - Penalty Minutes : 12

Official

Referees : Reid Anderson and Ryan Hersey
Linesman : Mark Shewchyk and Derek Wahl

Game Notes

Kevin Poulin enters game at 9:23 of 2nd period

Finance

Level 1 -- Attendance: 7200 (100,00%) -- Ticket Income 1 044 000 $
Level 2 -- Attendance: 5500 (100,00%) -- Ticket Income 550 000 $
Level 3 -- Attendance: 2865 (95,50%) -- Ticket Income 194 820 $
Level 4 -- Attendance: 5372 (89,53%) -- Ticket Income 257 856 $
Luxury Box -- Attendance: 1000 (100,00%) -- Ticket Income 300 000 $
Total Attendance: 21937 (96,64%)
Total Ticket Income: 2 346 676 $
Other Expense: 23 467 $
Total Income: 2 323 209 $

CALGARY FIREMEN

5 vs 5 Forward 
   Center                   Left Wing                Right Wing               Time % Phy DF OF 
 1 Filip Forsberg           Jakob Silfverberg        Mattias Janmark-Nylen    36     1   2  2  
 2 Ryan Johansen            Mason Marchment          Oskar Lindblom           31     1   2  2  
 3 Yakov Trenin             Sonny Milano             Liam Foudy               23     1   2  2  
 4 Brett Howden             Connor Brown             Michael McCarron         10     1   2  2  

5 vs 5 Defense 
   Defense                  Defense                                           Time % Phy DF OF 
 1 Jamie Oleksiak           Jake McCabe                                       36     1   2  2  
 2 Nikita Zadorov           Jordan Oesterle                                   31     1   2  2  
 3 Andrej Sustr             Colton White                                      23     1   2  2  
 4 Jamie Oleksiak           Jake McCabe                                       10     1   2  2  

PowerPlay Forward 
   Center                   Left Wing                Right Wing               Time % Phy DF OF 
 1 Filip Forsberg           Jakob Silfverberg        Mattias Janmark-Nylen    55     1   2  2  
 2 Ryan Johansen            Mason Marchment          Oskar Lindblom           45     1   2  2  

PowerPlay Defense
   Defense                  Defense                                           Time % Phy DF OF 
 1 Jamie Oleksiak           Jake McCabe                                       55     1   2  2  
 2 Nikita Zadorov           Jordan Oesterle                                   45     1   2  2  

Penalty Kill 4 Players Forward 
   Center                   Wing                     Time % Phy DF OF 
 1 Filip Forsberg           Ryan Johansen            55     1   2  2  
 2 Jakob Silfverberg        Mason Marchment          45     1   2  2  

Penalty Kill 4 Players Defense
   Defense                  Defense                  Time % Phy DF OF 
 1 Jamie Oleksiak           Jake McCabe              55     1   2  2  
 2 Nikita Zadorov           Jordan Oesterle          45     1   2  2  

Penalty Kill - 3 Players Forward 
   Forward                                           Time % Phy DF OF 
 1 Filip Forsberg                                    55     1   2  2  
 2 Ryan Johansen                                     45     1   2  2  

Penalty Kill - 3 Players Defense
   Defense                  Defense                  Time % Phy DF OF 
 1 Jamie Oleksiak           Jake McCabe              55     1   2  2  
 2 Nikita Zadorov           Jordan Oesterle          45     1   2  2  

4 vs 4 Forward 
   Center                   Wing                     Time % Phy DF OF 
 1 Filip Forsberg           Ryan Johansen            55     1   2  2  
 2 Jakob Silfverberg        Mason Marchment          45     1   2  2  

4 vs 4 Defense
   Defense                  Defense                  Time % Phy DF OF 
 1 Jamie Oleksiak           Jake McCabe              55     1   2  2  
 2 Nikita Zadorov           Jordan Oesterle          45     1   2  2  

Last Minutes Offensive
   Center                   Left Wing                Right Wing               Defense                  Defense                  
   Filip Forsberg           Jakob Silfverberg        Mattias Janmark-Nylen    Jamie Oleksiak           Jake McCabe              

Last Minutes Defensive
   Center                   Left Wing                Right Wing               Defense                  Defense                  
   Filip Forsberg           Jakob Silfverberg        Mattias Janmark-Nylen    Jamie Oleksiak           Jake McCabe              

Goaltenders
Starting : Samuel Ersson            
Backup : Kevin Poulin             

Extra Forwards
Normal : Connor Brown, Yakov Trenin, Sonny Milano - PP : Connor Brown, Yakov Trenin - PK : Sonny Milano
Extra Defensemen
Normal : Jamie Oleksiak, Colton White, Nikita Zadorov - PP : Jake McCabe - PK : Colton White, Nikita Zadorov
Penalty Shots
Filip Forsberg, Ryan Johansen, Jakob Silfverberg, Mason Marchment, Mattias Janmark-Nylen
Custom OT Lines Forwards
Filip Forsberg, Ryan Johansen, Jakob Silfverberg, Mason Marchment, Mattias Janmark-Nylen, Yakov Trenin, Sonny Milano, Brett Howden, Oskar Lindblom, Liam Foudy
Custom OT Lines Defensemen
Jamie Oleksiak, Jake McCabe, Nikita Zadorov, Jordan Oesterle, Colton White

Scratches
Jacob Bryson (Right Leg Injury), Nathan Smith (Healthy), Santtu Kinnunen (Healthy), Garret Sparks (Healthy)

VANCOUVER VOODOO

5 vs 5 Forward 
   Center                   Left Wing                Right Wing               Time % Phy DF OF 
 1 Kirby Dach               Rafael Harvey-Pinard     Nicolas Roy              33     1   1  3  
 2 Joshua Norris            Jonathan Drouin          Josh Anderson            32     2   1  2  
 3 Christian Dvorak         Conor Garland            Joel Armia               27     1   3  1  
 4 Radek Faksa              Cody Glass               Josh Bailey              8      1   2  2  

5 vs 5 Defense 
   Defense                  Defense                                           Time % Phy DF OF 
 1 Nicolas Hague            Alexander Edler                                   38     2   2  1  
 2 Carson Soucy             Jordan Harris                                     38     1   1  3  
 3 Braden Schneider         Callan Foote                                      24     2   2  1  
 4 Nicolas Hague            Callan Foote                                      0      1   2  2  

PowerPlay Forward 
   Center                   Left Wing                Right Wing               Time % Phy DF OF 
 1 Joshua Norris            Jonathan Drouin          Conor Garland            53     1   1  3  
 2 Kirby Dach               Rafael Harvey-Pinard     Josh Anderson            47     2   1  2  

PowerPlay Defense
   Defense                  Defense                                           Time % Phy DF OF 
 1 Nicolas Hague            Jordan Harris                                     53     1   1  3  
 2 Braden Schneider         Carson Soucy                                      47     1   2  2  

Penalty Kill 4 Players Forward 
   Center                   Wing                     Time % Phy DF OF 
 1 Christian Dvorak         Rafael Harvey-Pinard     53     1   4  0  
 2 Radek Faksa              Nicolas Roy              47     2   2  1  

Penalty Kill 4 Players Defense
   Defense                  Defense                  Time % Phy DF OF 
 1 Nicolas Hague            Braden Schneider         53     2   3  0  
 2 Carson Soucy             Jordan Harris            47     1   3  1  

Penalty Kill - 3 Players Forward 
   Forward                                           Time % Phy DF OF 
 1 Radek Faksa                                       55     1   4  0  
 2 Rafael Harvey-Pinard                              45     2   3  0  

Penalty Kill - 3 Players Defense
   Defense                  Defense                  Time % Phy DF OF 
 1 Nicolas Hague            Braden Schneider         52     1   4  0  
 2 Jordan Harris            Alexander Edler          48     1   3  1  

4 vs 4 Forward 
   Center                   Wing                     Time % Phy DF OF 
 1 Christian Dvorak         Rafael Harvey-Pinard     51     1   2  2  
 2 Radek Faksa              Josh Anderson            49     2   1  2  

4 vs 4 Defense
   Defense                  Defense                  Time % Phy DF OF 
 1 Nicolas Hague            Carson Soucy             52     1   2  2  
 2 Alexander Edler          Braden Schneider         48     1   2  2  

Last Minutes Offensive
   Center                   Left Wing                Right Wing               Defense                  Defense                  
   Kirby Dach               Conor Garland            Josh Anderson            Nicolas Hague            Jordan Harris            

Last Minutes Defensive
   Center                   Left Wing                Right Wing               Defense                  Defense                  
   Christian Dvorak         Rafael Harvey-Pinard     Nicolas Roy              Nicolas Hague            Carson Soucy             

Goaltenders
Starting : Filip Gustavsson         
Backup : Samuel Montembeault      

Extra Forwards
Normal : Josh Anderson, Joshua Norris, Jonathan Drouin - PP : Conor Garland, Cody Glass - PK : Josh Anderson
Extra Defensemen
Normal : Carson Soucy, Alexander Edler, Jordan Harris - PP : Alexander Edler - PK : Alexander Edler, Jordan Harris
Penalty Shots
Kirby Dach, Cody Glass, Conor Garland, Josh Anderson, Nicolas Roy
Custom OT Lines Forwards
Kirby Dach, Joshua Norris, Nicolas Roy, Josh Anderson, Jonathan Drouin, Rafael Harvey-Pinard, Christian Dvorak, Joel Armia, Conor Garland, Cody Glass
Custom OT Lines Defensemen
Nicolas Hague, Jordan Harris, Carson Soucy, Alexander Edler, Braden Schneider

Scratches
Max Pacioretty (Healthy), Derek Grant (Left Leg Injury), Fabian Zetterlund (Healthy), Alex Nedeljkovic (Strained Right Elbow Injury)

% Time on Ice - CALGARY FIREMEN

Lines # - Real PCT - Wanted PCT - Time Play
Normal Forward
1 - 32% - 36% - 14:05
2 - 27% - 31% - 11:55
3 - 26% - 23% - 11:34
4 - 15% - 10% - 6:33
Normal Defense
1 - 37% - 36% - 16:15
2 - 33% - 31% - 14:34
3 - 27% - 23% - 12:02
4 - 3% - 10% - 1:16
PP Forward
1 - 61% - 55% - 7:17
2 - 39% - 45% - 4:38
PP Defense
1 - 53% - 55% - 6:17
2 - 47% - 45% - 5:38
PK Forward
1 - 61% - 55% - 2:26
2 - 39% - 45% - 1:32
PK Defense
1 - 51% - 55% - 2:01
2 - 49% - 45% - 1:57
PK3 Forward
1 - 0% - 55%
2 - 0% - 45%
PK3 Defense
1 - 0% - 55%
2 - 0% - 45%
44 Forward
1 - 0% - 55%
2 - 0% - 45%
44 Defense
1 - 0% - 55%
2 - 0% - 45%
Last Minute Offensive  - 0:00
Last Minute Defensive  - 0:00
Total
Forward - 60:00
Defense - 60:00

% Time on Ice - VANCOUVER VOODOO

Lines # - Real PCT - Wanted PCT - Time Play
Normal Forward
1 - 30% - 33% - 13:21
2 - 30% - 32% - 13:14
3 - 27% - 27% - 12:02
4 - 12% - 8% - 5:30
Normal Defense
1 - 33% - 38% - 14:41
2 - 37% - 38% - 16:21
3 - 30% - 24% - 13:05
4 - 0% - 0% - 0:00
PP Forward
1 - 45% - 53% - 1:46
2 - 55% - 47% - 2:12
PP Defense
1 - 46% - 53% - 1:49
2 - 54% - 47% - 2:09
PK Forward
1 - 56% - 53% - 6:40
2 - 44% - 47% - 5:15
PK Defense
1 - 53% - 53% - 6:18
2 - 47% - 47% - 5:37
PK3 Forward
1 - 0% - 55%
2 - 0% - 45%
PK3 Defense
1 - 0% - 52%
2 - 0% - 48%
44 Forward
1 - 0% - 51%
2 - 0% - 49%
44 Defense
1 - 0% - 52%
2 - 0% - 48%
Last Minute Offensive  - 0:00
Last Minute Defensive  - 0:00
Total
Forward - 60:00
Defense - 60:00

Play-by-Play

1st period


0:01 of 1st period - Filip Forsberg wins face-off versus Kirby Dach in neutral zone.
0:16 of 1st period - Shot by Rafael Harvey-Pinard.
0:16 of 1st period - Stopped by Samuel Ersson with a rebound.
0:18 of 1st period - Shot by Kirby Dach.
0:18 of 1st period - Shot Misses the Net.
0:20 of 1st period - Shot by Kirby Dach.
0:20 of 1st period - Goal by Kirby Dach - CALGARY FIREMEN : 0 - VANCOUVER VOODOO : 1.
0:21 of 1st period - Joshua Norris wins face-off versus Ryan Johansen in neutral zone.
1:00 of 1st period - Jordan Oesterle is hit by Carson Soucy and loses puck.
1:08 of 1st period - Icing by Jordan Harris.
1:09 of 1st period - Yakov Trenin wins face-off versus Joshua Norris in VANCOUVER VOODOO zone.
1:09 of 1st period - Yakov Trenin is hit by Carson Soucy.
1:10 of 1st period - Minor Penalty to Carson Soucy for Roughing.
1:11 of 1st period - Christian Dvorak wins face-off versus Filip Forsberg in VANCOUVER VOODOO zone.
1:11 of 1st period - Rafael Harvey-Pinard is hit by Jake McCabe and loses puck.
1:26 of 1st period - Shot by Filip Forsberg.
1:26 of 1st period - Stopped by Filip Gustavsson without a rebound.
1:27 of 1st period - Radek Faksa wins face-off versus Filip Forsberg in VANCOUVER VOODOO zone.
1:38 of 1st period - Shot by Nicolas Roy.
1:38 of 1st period - Shot Misses the Net.
1:40 of 1st period - Shot by Radek Faksa.
1:40 of 1st period - Shot Misses the Net.
1:42 of 1st period - Shot by Jordan Harris.
1:42 of 1st period - Stopped by Samuel Ersson without a rebound.
1:43 of 1st period - Ryan Johansen wins face-off versus Christian Dvorak in CALGARY FIREMEN zone.
2:21 of 1st period - Oskar Lindblom is hit by Alexander Edler and loses puck.
3:12 of 1st period - Yakov Trenin is hit by Josh Anderson.
3:23 of 1st period - Sonny Milano is hit by Josh Anderson and loses puck.
3:27 of 1st period - Colton White is hit by Callan Foote and loses puck.
3:41 of 1st period - Liam Foudy is hit by Callan Foote and loses puck.
4:37 of 1st period - Icing by Alexander Edler.
4:38 of 1st period - Christian Dvorak wins face-off versus Filip Forsberg in VANCOUVER VOODOO zone.
4:52 of 1st period - Off-side.
4:53 of 1st period - Ryan Johansen wins face-off versus Kirby Dach in neutral zone.
4:56 of 1st period - Shot by Mason Marchment.
4:56 of 1st period - Shot Misses the Net.
5:05 of 1st period - Off-side.
5:06 of 1st period - Radek Faksa wins face-off versus Filip Forsberg in neutral zone.
5:39 of 1st period - Shot by Mattias Janmark-Nylen.
5:39 of 1st period - Goal by Mattias Janmark-Nylen - CALGARY FIREMEN : 1 - VANCOUVER VOODOO : 1.
5:40 of 1st period - Ryan Johansen wins face-off versus Nicolas Roy in neutral zone.
6:13 of 1st period - Shot by Rafael Harvey-Pinard.
6:13 of 1st period - Stopped by Samuel Ersson without a rebound.
6:14 of 1st period - Christian Dvorak wins face-off versus Filip Forsberg in CALGARY FIREMEN zone.
6:24 of 1st period - Christian Dvorak is hit by Nikita Zadorov and loses puck.
6:48 of 1st period - Filip Forsberg is hit by Callan Foote and loses puck.
8:12 of 1st period - Icing by Liam Foudy.
8:13 of 1st period - Joshua Norris wins face-off versus Yakov Trenin in CALGARY FIREMEN zone.
8:14 of 1st period - Shot by Josh Anderson.
8:14 of 1st period - Stopped by Samuel Ersson without a rebound.
8:15 of 1st period - Joshua Norris wins face-off versus Filip Forsberg in CALGARY FIREMEN zone.
8:24 of 1st period - Shot by Josh Anderson.
8:24 of 1st period - Shot Misses the Net.
8:26 of 1st period - Shot by Josh Anderson.
8:26 of 1st period - Shot Misses the Net.
9:05 of 1st period - Icing by Jakob Silfverberg.
9:06 of 1st period - Kirby Dach wins face-off versus Filip Forsberg in CALGARY FIREMEN zone.
9:24 of 1st period - Shot by Nicolas Roy.
9:24 of 1st period - Stopped by Samuel Ersson with a rebound.
9:26 of 1st period - Shot by Carson Soucy.
9:26 of 1st period - Shot Misses the Net.
9:28 of 1st period - Shot by Rafael Harvey-Pinard.
9:28 of 1st period - Stopped by Samuel Ersson without a rebound.
9:29 of 1st period - Christian Dvorak wins face-off versus Ryan Johansen in CALGARY FIREMEN zone.
9:30 of 1st period - Shot by Conor Garland.
9:30 of 1st period - Shot Misses the Net.
9:32 of 1st period - Shot by Joel Armia.
9:32 of 1st period - Stopped by Samuel Ersson without a rebound.
9:33 of 1st period - Ryan Johansen wins face-off versus Kirby Dach in CALGARY FIREMEN zone.
9:33 of 1st period - Ryan Johansen is hit by Nicolas Roy.
9:46 of 1st period - Ryan Johansen is hit by Carson Soucy and loses puck.
10:32 of 1st period - Shot by Joshua Norris.
10:32 of 1st period - Stopped by Samuel Ersson without a rebound.
10:33 of 1st period - Brett Howden wins face-off versus Christian Dvorak in CALGARY FIREMEN zone.
10:40 of 1st period - Joel Armia is hit by Michael McCarron and loses puck.
11:05 of 1st period - Minor Penalty to Conor Garland for Hooking.
11:06 of 1st period - Mattias Janmark-Nylen wins face-off versus Christian Dvorak in VANCOUVER VOODOO zone.
11:15 of 1st period - Shot by Filip Forsberg.
11:15 of 1st period - Stopped by Filip Gustavsson without a rebound.
11:16 of 1st period - Radek Faksa wins face-off versus Filip Forsberg in VANCOUVER VOODOO zone.
11:28 of 1st period - Shot by Nikita Zadorov.
11:28 of 1st period - Stopped by Filip Gustavsson with a rebound.
11:30 of 1st period - Shot by Filip Forsberg.
11:30 of 1st period - Stopped by Filip Gustavsson without a rebound.
11:31 of 1st period - Ryan Johansen wins face-off versus Radek Faksa in VANCOUVER VOODOO zone.
11:32 of 1st period - Shot by Jamie Oleksiak.
11:32 of 1st period - Stopped by Filip Gustavsson with a rebound.
11:52 of 1st period - Shot by Ryan Johansen.
11:52 of 1st period - Shot Misses the Net.
12:00 of 1st period - Shot by Ryan Johansen.
12:00 of 1st period - Stopped by Filip Gustavsson without a rebound.
12:01 of 1st period - Radek Faksa wins face-off versus Filip Forsberg in VANCOUVER VOODOO zone.
13:09 of 1st period - Icing by Sonny Milano.
13:10 of 1st period - Joshua Norris wins face-off versus Yakov Trenin in CALGARY FIREMEN zone.
14:00 of 1st period - Yakov Trenin is hit by Joshua Norris and loses puck.
14:26 of 1st period - Shot by Nicolas Roy.
14:26 of 1st period - Stopped by Samuel Ersson without a rebound.
14:27 of 1st period - Ryan Johansen wins face-off versus Conor Garland in CALGARY FIREMEN zone.
14:32 of 1st period - Shot by Mason Marchment.
14:32 of 1st period - Shot Blocked by Carson Soucy.
15:05 of 1st period - Shot by Conor Garland.
15:05 of 1st period - Goal by Conor Garland - CALGARY FIREMEN : 1 - VANCOUVER VOODOO : 2.
15:06 of 1st period - Filip Forsberg wins face-off versus Kirby Dach in neutral zone.
15:26 of 1st period - Shot by Jakob Silfverberg.
15:26 of 1st period - Stopped by Filip Gustavsson with a rebound.
15:40 of 1st period - Shot by Jakob Silfverberg.
15:40 of 1st period - Shot Blocked by Alexander Edler.
15:42 of 1st period - Shot by Nikita Zadorov.
15:42 of 1st period - Stopped by Filip Gustavsson without a rebound.
15:43 of 1st period - Brett Howden wins face-off versus Joshua Norris in VANCOUVER VOODOO zone.
16:58 of 1st period - Shot by Ryan Johansen.
16:58 of 1st period - Stopped by Filip Gustavsson without a rebound.
16:59 of 1st period - Kirby Dach wins face-off versus Mattias Janmark-Nylen in VANCOUVER VOODOO zone.
17:05 of 1st period - Kirby Dach is hit by Nikita Zadorov and loses puck.
17:07 of 1st period - Minor Penalty to Kirby Dach for Holding.
17:08 of 1st period - Christian Dvorak wins face-off versus Filip Forsberg in VANCOUVER VOODOO zone.
18:14 of 1st period - Icing by Jake McCabe.
18:15 of 1st period - Christian Dvorak wins face-off versus Mason Marchment in CALGARY FIREMEN zone.
18:31 of 1st period - Shot by Christian Dvorak.
18:31 of 1st period - Deflect By Rafael Harvey-Pinard.
18:31 of 1st period - Shot Blocked by Jake McCabe.
18:33 of 1st period - Shot by Christian Dvorak.
18:33 of 1st period - Deflect By Rafael Harvey-Pinard.
18:33 of 1st period - Stopped by Samuel Ersson without a rebound.
18:34 of 1st period - Radek Faksa wins face-off versus Filip Forsberg in CALGARY FIREMEN zone.
18:57 of 1st period - Shot by Jakob Silfverberg.
18:57 of 1st period - Shot Misses the Net.
19:05 of 1st period - Shot by Jakob Silfverberg.
19:05 of 1st period - Stopped by Filip Gustavsson without a rebound.
19:06 of 1st period - Christian Dvorak wins face-off versus Ryan Johansen in VANCOUVER VOODOO zone.
19:17 of 1st period - Shot by Joshua Norris.
19:17 of 1st period - Shot Misses the Net.
Goals for this period are 1 for CALGARY FIREMEN vs 2 for VANCOUVER VOODOO.
Shots for this period are 11 for CALGARY FIREMEN vs 12 for VANCOUVER VOODOO.

2nd period


0:01 of 2nd period - Kirby Dach wins face-off versus Filip Forsberg in neutral zone.
0:06 of 2nd period - Jakob Silfverberg is hit by Kirby Dach and loses puck.
0:19 of 2nd period - Icing by Nicolas Roy.
0:20 of 2nd period - Kirby Dach wins face-off versus Ryan Johansen in VANCOUVER VOODOO zone.
0:48 of 2nd period - Off-side.
0:49 of 2nd period - Filip Forsberg wins face-off versus Christian Dvorak in neutral zone.
1:03 of 2nd period - Shot by Christian Dvorak.
1:03 of 2nd period - Shot Blocked by Jordan Oesterle.
1:05 of 2nd period - Shot by Christian Dvorak.
1:05 of 2nd period - Stopped by Samuel Ersson without a rebound.
1:06 of 2nd period - Radek Faksa wins face-off versus Yakov Trenin in CALGARY FIREMEN zone.
1:09 of 2nd period - Shot by Josh Bailey.
1:09 of 2nd period - Shot Misses the Net.
1:23 of 2nd period - Shot by Yakov Trenin.
1:23 of 2nd period - Stopped by Filip Gustavsson without a rebound.
1:24 of 2nd period - Christian Dvorak wins face-off versus Filip Forsberg in VANCOUVER VOODOO zone.
2:09 of 2nd period - Icing by Christian Dvorak.
2:10 of 2nd period - Ryan Johansen wins face-off versus Christian Dvorak in VANCOUVER VOODOO zone.
2:48 of 2nd period - Mason Marchment is hit by Alexander Edler and loses puck.
3:04 of 2nd period - Nicolas Roy is hit by Andrej Sustr and loses puck.
3:15 of 2nd period - Shot by Sonny Milano.
3:15 of 2nd period - Stopped by Filip Gustavsson without a rebound.
3:16 of 2nd period - Filip Forsberg wins face-off versus Joshua Norris in VANCOUVER VOODOO zone.
3:19 of 2nd period - Shot by Mattias Janmark-Nylen.
3:19 of 2nd period - Stopped by Filip Gustavsson without a rebound.
3:20 of 2nd period - Jonathan Drouin wins face-off versus Mattias Janmark-Nylen in VANCOUVER VOODOO zone.
3:43 of 2nd period - Shot by Filip Forsberg.
3:43 of 2nd period - Shot Misses the Net.
3:45 of 2nd period - Shot by Jake McCabe.
3:45 of 2nd period - Shot Misses the Net.
3:55 of 2nd period - Shot by Jakob Silfverberg.
3:55 of 2nd period - Stopped by Filip Gustavsson without a rebound.
3:56 of 2nd period - Ryan Johansen wins face-off versus Kirby Dach in VANCOUVER VOODOO zone.
4:20 of 2nd period - Shot by Nicolas Roy.
4:20 of 2nd period - Stopped by Samuel Ersson with a rebound.
4:22 of 2nd period - Shot by Rafael Harvey-Pinard.
4:22 of 2nd period - Deflect By Kirby Dach.
4:22 of 2nd period - Goal by Kirby Dach - CALGARY FIREMEN : 1 - VANCOUVER VOODOO : 3.
4:23 of 2nd period - Christian Dvorak wins face-off versus Yakov Trenin in neutral zone.
4:31 of 2nd period - Double Minor Penalty to Alexander Edler for Roughing.
4:32 of 2nd period - Christian Dvorak wins face-off versus Filip Forsberg in VANCOUVER VOODOO zone.
4:32 of 2nd period - Christian Dvorak is hit by Filip Forsberg.
4:53 of 2nd period - Shot by Filip Forsberg.
4:53 of 2nd period - Shot Misses the Net.
4:59 of 2nd period - Shot by Filip Forsberg.
4:59 of 2nd period - Shot Misses the Net.
5:01 of 2nd period - Shot by Jakob Silfverberg.
5:01 of 2nd period - Stopped by Filip Gustavsson with a rebound.
5:03 of 2nd period - Shot by Jakob Silfverberg.
5:03 of 2nd period - Stopped by Filip Gustavsson with a rebound.
5:59 of 2nd period - Shot by Mason Marchment.
5:59 of 2nd period - Shot Blocked by Nicolas Hague.
8:01 of 2nd period - Icing by Colton White.
8:02 of 2nd period - Connor Brown wins face-off versus Josh Anderson in CALGARY FIREMEN zone.
8:33 of 2nd period - Shot by Mattias Janmark-Nylen.
8:33 of 2nd period - Shot Blocked by Christian Dvorak.
8:43 of 2nd period - Icing by Joel Armia.
8:44 of 2nd period - Christian Dvorak wins face-off versus Ryan Johansen in VANCOUVER VOODOO zone.
8:44 of 2nd period - Christian Dvorak is hit by Mason Marchment.
8:54 of 2nd period - Shot by Ryan Johansen.
8:54 of 2nd period - Stopped by Filip Gustavsson without a rebound.
8:55 of 2nd period - Joshua Norris wins face-off versus Brett Howden in VANCOUVER VOODOO zone.
9:02 of 2nd period - Brett Howden is hit by Josh Anderson and loses puck.
9:09 of 2nd period - Shot by Jonathan Drouin.
9:09 of 2nd period - Stopped by Samuel Ersson without a rebound.
9:10 of 2nd period - Filip Forsberg wins face-off versus Kirby Dach in CALGARY FIREMEN zone.
9:23 of 2nd period - Shot by Nicolas Roy.
9:23 of 2nd period - Goal by Nicolas Roy - CALGARY FIREMEN : 1 - VANCOUVER VOODOO : 4.
9:23 of 2nd period - Kevin Poulin enters game.
9:24 of 2nd period - Ryan Johansen wins face-off versus Joshua Norris in neutral zone.
9:27 of 2nd period - Shot by Oskar Lindblom.
9:27 of 2nd period - Stopped by Filip Gustavsson without a rebound.
9:28 of 2nd period - Kirby Dach wins face-off versus Filip Forsberg in VANCOUVER VOODOO zone.
9:44 of 2nd period - Icing by Jamie Oleksiak.
9:45 of 2nd period - Joshua Norris wins face-off versus Filip Forsberg in CALGARY FIREMEN zone.
9:49 of 2nd period - Josh Anderson is hit by Jamie Oleksiak.
9:57 of 2nd period - Shot by Jonathan Drouin.
9:57 of 2nd period - Stopped by Kevin Poulin without a rebound.
9:58 of 2nd period - Ryan Johansen wins face-off versus Rafael Harvey-Pinard in CALGARY FIREMEN zone.
10:06 of 2nd period - Shot by Mason Marchment.
10:06 of 2nd period - Deflect By Ryan Johansen.
10:06 of 2nd period - Shot Blocked by Alexander Edler.
10:45 of 2nd period - Icing by Nicolas Hague.
10:46 of 2nd period - Filip Forsberg wins face-off versus Kirby Dach in VANCOUVER VOODOO zone.
10:46 of 2nd period - Filip Forsberg is hit by Nicolas Hague.
10:50 of 2nd period - Shot by Filip Forsberg.
10:50 of 2nd period - Stopped by Filip Gustavsson without a rebound.
10:51 of 2nd period - Conor Garland wins face-off versus Filip Forsberg in VANCOUVER VOODOO zone.
10:51 of 2nd period - Conor Garland is hit by Mattias Janmark-Nylen.
10:59 of 2nd period - Shot by Christian Dvorak.
10:59 of 2nd period - Stopped by Kevin Poulin without a rebound.
11:00 of 2nd period - Joshua Norris wins face-off versus Filip Forsberg in CALGARY FIREMEN zone.
11:00 of 2nd period - Jonathan Drouin is hit by Jamie Oleksiak and loses puck.
11:17 of 2nd period - Shot by Filip Forsberg.
11:17 of 2nd period - Shot Misses the Net.
11:26 of 2nd period - Mattias Janmark-Nylen is hit by Carson Soucy and loses puck.
11:31 of 2nd period - Shot by Filip Forsberg.
11:31 of 2nd period - Shot Blocked by Carson Soucy.
11:33 of 2nd period - Shot by Jake McCabe.
11:33 of 2nd period - Shot Misses the Net.
11:37 of 2nd period - Minor Penalty to Jordan Harris for Hooking.
11:38 of 2nd period - Christian Dvorak wins face-off versus Ryan Johansen in VANCOUVER VOODOO zone.
12:02 of 2nd period - Shot by Ryan Johansen.
12:02 of 2nd period - Stopped by Filip Gustavsson without a rebound.
12:03 of 2nd period - Christian Dvorak wins face-off versus Filip Forsberg in VANCOUVER VOODOO zone.
13:41 of 2nd period - Joshua Norris is hit by Andrej Sustr and loses puck.
14:11 of 2nd period - Shot by Joshua Norris.
14:11 of 2nd period - Shot Blocked by Andrej Sustr.
14:28 of 2nd period - Minor Penalty to Andrej Sustr for Hooking.
14:29 of 2nd period - Kirby Dach wins face-off versus Filip Forsberg in CALGARY FIREMEN zone.
14:45 of 2nd period - Icing by Rafael Harvey-Pinard.
14:46 of 2nd period - Filip Forsberg wins face-off versus Kirby Dach in VANCOUVER VOODOO zone.
18:10 of 2nd period - Rafael Harvey-Pinard is hit by Jamie Oleksiak and loses puck.
18:29 of 2nd period - Shot by Rafael Harvey-Pinard.
18:29 of 2nd period - Shot Misses the Net.
18:31 of 2nd period - Shot by Carson Soucy.
18:31 of 2nd period - Shot Misses the Net.
19:32 of 2nd period - Shot by Radek Faksa.
19:32 of 2nd period - Shot Blocked by Nikita Zadorov.
Goals for this period are 0 for CALGARY FIREMEN vs 2 for VANCOUVER VOODOO.
Shots for this period are 10 for CALGARY FIREMEN vs 7 for VANCOUVER VOODOO.

3rd period


0:01 of 3rd period - Ryan Johansen wins face-off versus Kirby Dach in neutral zone.
0:29 of 3rd period - Shot by Nicolas Roy.
0:29 of 3rd period - Stopped by Kevin Poulin without a rebound.
0:30 of 3rd period - Filip Forsberg wins face-off versus Christian Dvorak in CALGARY FIREMEN zone.
0:30 of 3rd period - Jake McCabe is hit by Joel Armia and loses puck.
0:57 of 3rd period - Minor Penalty to Jake McCabe for Tripping.
0:58 of 3rd period - Filip Forsberg wins face-off versus Kirby Dach in CALGARY FIREMEN zone.
1:11 of 3rd period - Shot by Filip Forsberg.
1:11 of 3rd period - Stopped by Filip Gustavsson without a rebound.
1:12 of 3rd period - Filip Forsberg wins face-off versus Joshua Norris in VANCOUVER VOODOO zone.
1:15 of 3rd period - Shot by Ryan Johansen.
1:15 of 3rd period - Stopped by Filip Gustavsson without a rebound.
1:16 of 3rd period - Filip Forsberg wins face-off versus Joshua Norris in VANCOUVER VOODOO zone.
2:09 of 3rd period - Off-side.
2:10 of 3rd period - Jakob Silfverberg wins face-off versus Kirby Dach in neutral zone.
2:13 of 3rd period - Kirby Dach is hit by Mason Marchment and loses puck.
2:26 of 3rd period - Shot by Rafael Harvey-Pinard.
2:26 of 3rd period - Stopped by Kevin Poulin with a rebound.
2:28 of 3rd period - Shot by Rafael Harvey-Pinard.
2:28 of 3rd period - Shot Hit the Post.
2:30 of 3rd period - Shot by Nicolas Hague.
2:30 of 3rd period - Shot Misses the Net.
2:32 of 3rd period - Shot by Nicolas Hague.
2:32 of 3rd period - Shot Misses the Net.
2:34 of 3rd period - Shot by Josh Anderson.
2:34 of 3rd period - Stopped by Kevin Poulin without a rebound.
2:35 of 3rd period - Filip Forsberg wins face-off versus Kirby Dach in CALGARY FIREMEN zone.
2:49 of 3rd period - Icing by Rafael Harvey-Pinard.
2:50 of 3rd period - Kirby Dach wins face-off versus Filip Forsberg in VANCOUVER VOODOO zone.
2:52 of 3rd period - Icing by Rafael Harvey-Pinard.
2:53 of 3rd period - Kirby Dach wins face-off versus Filip Forsberg in VANCOUVER VOODOO zone.
2:55 of 3rd period - Rafael Harvey-Pinard is hit by Ryan Johansen and loses puck.
3:10 of 3rd period - Christian Dvorak is hit by Sonny Milano and loses puck.
3:20 of 3rd period - Braden Schneider is hit by Sonny Milano and loses puck.
4:12 of 3rd period - Shot by Jakob Silfverberg.
4:12 of 3rd period - Shot Misses the Net.
5:45 of 3rd period - Shot by Josh Anderson.
5:45 of 3rd period - Stopped by Kevin Poulin with a rebound.
5:47 of 3rd period - Shot by Joshua Norris.
5:47 of 3rd period - Shot Misses the Net.
5:49 of 3rd period - Shot by Jordan Harris.
5:49 of 3rd period - Shot Blocked by Mason Marchment.
5:51 of 3rd period - Shot by Carson Soucy.
5:51 of 3rd period - Shot Misses the Net.
5:53 of 3rd period - Shot by Jonathan Drouin.
5:53 of 3rd period - Stopped by Kevin Poulin with a rebound.
5:55 of 3rd period - Shot by Josh Anderson.
5:55 of 3rd period - Stopped by Kevin Poulin with a rebound.
5:57 of 3rd period - Shot by Jonathan Drouin.
5:57 of 3rd period - Stopped by Kevin Poulin without a rebound.
5:58 of 3rd period - Yakov Trenin wins face-off versus Josh Bailey in CALGARY FIREMEN zone.
6:17 of 3rd period - Shot by Radek Faksa.
6:17 of 3rd period - Shot Misses the Net.
6:33 of 3rd period - Josh Bailey is hit by Yakov Trenin and loses puck.
6:48 of 3rd period - Josh Bailey is hit by Filip Forsberg and loses puck.
8:49 of 3rd period - Off-side.
8:50 of 3rd period - Jakob Silfverberg wins face-off versus Joshua Norris in neutral zone.
9:01 of 3rd period - Shot by Filip Forsberg.
9:01 of 3rd period - Stopped by Filip Gustavsson without a rebound.
9:02 of 3rd period - Christian Dvorak wins face-off versus Ryan Johansen in VANCOUVER VOODOO zone.
9:28 of 3rd period - Shot by Conor Garland.
9:28 of 3rd period - Stopped by Kevin Poulin with a rebound.
9:30 of 3rd period - Shot by Joel Armia.
9:30 of 3rd period - Stopped by Kevin Poulin without a rebound.
9:31 of 3rd period - Joshua Norris wins face-off versus Filip Forsberg in CALGARY FIREMEN zone.
10:08 of 3rd period - Shot by Joshua Norris.
10:08 of 3rd period - Shot Misses the Net.
10:41 of 3rd period - Off-side.
10:42 of 3rd period - Ryan Johansen wins face-off versus Christian Dvorak in neutral zone.
10:49 of 3rd period - Shot by Ryan Johansen.
10:49 of 3rd period - Stopped by Filip Gustavsson with a rebound.
11:45 of 3rd period - Off-side.
11:46 of 3rd period - Kirby Dach wins face-off versus Yakov Trenin in neutral zone.
12:19 of 3rd period - Shot by Rafael Harvey-Pinard.
12:19 of 3rd period - Stopped by Kevin Poulin with a rebound.
12:21 of 3rd period - Shot by Rafael Harvey-Pinard.
12:21 of 3rd period - Shot Blocked by Andrej Sustr.
12:23 of 3rd period - Shot by Nicolas Roy.
12:23 of 3rd period - Shot Misses the Net.
12:25 of 3rd period - Shot by Rafael Harvey-Pinard.
12:25 of 3rd period - Deflect By Kirby Dach.
12:25 of 3rd period - Shot Misses the Net.
13:00 of 3rd period - Shot by Joshua Norris.
13:00 of 3rd period - Shot Blocked by Colton White.
13:02 of 3rd period - Shot by Carson Soucy.
13:02 of 3rd period - Shot Blocked by Colton White.
13:18 of 3rd period - Shot by Joshua Norris.
13:18 of 3rd period - Stopped by Kevin Poulin without a rebound.
13:19 of 3rd period - Radek Faksa wins face-off versus Filip Forsberg in CALGARY FIREMEN zone.
14:20 of 3rd period - Conor Garland is hit by Nikita Zadorov and loses puck.
14:31 of 3rd period - Off-side.
14:32 of 3rd period - Brett Howden wins face-off versus Rafael Harvey-Pinard in neutral zone.
14:37 of 3rd period - Connor Brown is hit by Carson Soucy and loses puck.
14:46 of 3rd period - Shot by Michael McCarron.
14:46 of 3rd period - Stopped by Filip Gustavsson without a rebound.
14:47 of 3rd period - Ryan Johansen wins face-off versus Joshua Norris in VANCOUVER VOODOO zone.
14:51 of 3rd period - Mason Marchment is hit by Carson Soucy and loses puck.
14:57 of 3rd period - Icing by Jordan Harris.
14:58 of 3rd period - Joshua Norris wins face-off versus Jakob Silfverberg in VANCOUVER VOODOO zone.
14:58 of 3rd period - Joshua Norris is hit by Jakob Silfverberg.
15:16 of 3rd period - Shot by Joshua Norris.
15:16 of 3rd period - Stopped by Kevin Poulin without a rebound.
15:17 of 3rd period - Ryan Johansen wins face-off versus Kirby Dach in CALGARY FIREMEN zone.
15:28 of 3rd period - Mason Marchment is hit by Nicolas Roy and loses puck.
15:57 of 3rd period - Shot by Nicolas Roy.
15:57 of 3rd period - Shot Blocked by Jordan Oesterle.
15:59 of 3rd period - Shot by Rafael Harvey-Pinard.
15:59 of 3rd period - Shot Misses the Net.
17:00 of 3rd period - Icing by Mattias Janmark-Nylen.
17:01 of 3rd period - Filip Forsberg wins face-off versus Christian Dvorak in CALGARY FIREMEN zone.
17:29 of 3rd period - Shot by Christian Dvorak.
17:29 of 3rd period - Stopped by Kevin Poulin without a rebound.
17:30 of 3rd period - Kirby Dach wins face-off versus Yakov Trenin in CALGARY FIREMEN zone.
18:10 of 3rd period - Shot by Rafael Harvey-Pinard.
18:10 of 3rd period - Shot Misses the Net.
18:34 of 3rd period - Shot by Joshua Norris.
18:34 of 3rd period - Stopped by Kevin Poulin with a rebound.
18:52 of 3rd period - Shot by Mattias Janmark-Nylen.
18:52 of 3rd period - Deflect By Filip Forsberg.
18:52 of 3rd period - Stopped by Filip Gustavsson with a rebound.
18:54 of 3rd period - Shot by Mattias Janmark-Nylen.
18:54 of 3rd period - Shot Misses the Net.
19:00 of 3rd period - Shot by Filip Forsberg.
19:00 of 3rd period - Shot Misses the Net.
19:02 of 3rd period - Shot by Mattias Janmark-Nylen.
19:02 of 3rd period - Goal by Mattias Janmark-Nylen - CALGARY FIREMEN : 2 - VANCOUVER VOODOO : 4.
19:03 of 3rd period - Conor Garland wins face-off versus Brett Howden in neutral zone.
Goals for this period are 1 for CALGARY FIREMEN vs 0 for VANCOUVER VOODOO.
Shots for this period are 7 for CALGARY FIREMEN vs 14 for VANCOUVER VOODOO.


BLAKE
WHEELER
STEVEN
STAMKOS
DREW
DOUGHTY

EAST COAST

HOCKEY LEAGUE

  • 63.RHI2PIT5
  • 64.WOR4ATL3
  • 65.QUECHW
  • 66.CHATRV